 Dungeon Crawl Stone Soup version 0.29.1-2-gbd0b4ee654 (webtiles) character file.

Game seed: 1883717529077820126

182 skoleks the Covered (level 5, -1/50 HPs)
             Began as a Minotaur Fighter on Nov 20, 2022.
             Slain by an orc priest
             ... wielding a +0 dagger
              (2 damage)
             ... on level 3 of the Dungeon.
             The game lasted 00:27:11 (2961 turns).

skoleks the Covered (Minotaur Fighter)              Turns: 2961, Time: 00:27:12

Health: -1/50      AC:  9    Str: 23    XL:     5   Next: 34%
Magic:  4/4        EV:  9    Int:  5    God:
Gold:   118        SH:  4    Dex:  9    Spells: 4/4 levels left

rFire   . . .      SeeInvis .   F - +1 short sword (vamp)
rCold   . . .      Faith    .   c - +0 buckler
rNeg    . . .      Spirit   .   b - +1 scale mail
rPois   .          Reflect  .   (helmet restricted)
rElec   .          Harm     .   (no cloak)
rCorr   .          Rampage  .   k - +0 pair of gloves
Will    .....                   (no boots)
Stlth   ..........              q - amulet of the acrobat
HPRegen 0.16/turn               (no ring)
MPRegen 0.09/turn               (no ring)

@: no status effects
A: horns 2, retaliatory headbutt, robust 1, wild magic 1
a: no special abilities


You were on level 3 of the Dungeon.
You visited 1 branch of the dungeon, and saw 4 of its levels.

You collected 118 gold pieces.

Inventory:

Hand Weapons
 i - a +0 dagger
 o - a +0 hand axe
 p - a +0 club
 u - a +0 falchion
 B - a +2 dagger of venom
 E - a +0 halberd
 F - a +1 vampiric short sword (weapon)
Missiles
 d - 35 stones (quivered)
Armour
 b - a +1 scale mail (worn)
 c - a +0 buckler (worn)
 h - a +0 leather armour
 k - a +0 pair of gloves (worn)
 w - a +0 leather armour
 y - a +0 scale mail
 C - a +0 ring mail
Jewellery
 j - an amulet of faith
 q - an amulet of the acrobat (around neck)
Wands
 t - a wand of roots (10)
Scrolls
 a - a scroll of amnesia {unknown}
 e - a scroll of magic mapping
 m - a scroll of poison
 n - a scroll of noise
 x - a scroll of silence
 A - a scroll of vulnerability {unknown}
Potions
 s - 2 potions of flight
 z - a potion of mutation


   Skills:
 + Level 4.3 Fighting
 * Level 1.2 Short Blades
 - Level 4.1 Polearms
 + Level 4.7 Armour
 - Level 0.6 Dodging
 - Level 0.4 Stealth
 * Level 4.6 Shields


You had 4 spell levels left.
You didn't know any spells.
Your spell library contained the following spells:

 Spells                   Type           Power      Damage    Failure   Level
 Ensorcelled Hibernation  Hex/Ice        0%         N/A       96%         2
 Spider Form              Tmut/Pois      0%         N/A       99%         3
 Anguish                  Hex/Necr       0%         N/A       100%        4


Dungeon Overview and Level Annotations

Branches:
Dungeon (4/15)
 Temple: D:4-7

Altars:


Innate Abilities, Weirdness & Mutations

You have a pair of horns on your head.
You reflexively headbutt those who attack you in melee.
You are robust. (+10% HP)
Your spells are a little harder to cast, but a little more powerful.


Message History

Beogh smites you! The orc attacks as you move away! The orc closely misses you.
The quokka attacks as you move away!
The quokka bites you but does no damage.
The quokka misses you.
There is a stone staircase leading up here.
(D) Dungeon
Where to? (Enter - D:4, ? - help)
What level of the Dungeon? (default 1, ? - help)
There are monsters nearby!
The orc hits you with a +0 dagger.
The orc priest hits you but does no damage.
The orc wizard hits you but does no damage.
The quokka completely misses you.
You climb upwards.
There is a stone staircase leading down here.
You closely miss the quokka.
The quokka is heavily wounded.
The quokka bites you but does no damage.
The orc priest mumbles some strange prayers to Beogh against you.
Beogh smites you!
* * * LOW HITPOINT WARNING * * *
The orc completely misses you. You furiously retaliate!
You headbutt the orc. You hit the quokka.
You feel better.
You kill the quokka!
The orc hits you with a +0 dagger.
* * * LOW HITPOINT WARNING * * *
You closely miss the orc priest. Your headbutt misses the orc priest.
You block the orc's attack.
The orc priest begins to cast a cantrip, but forgets the words!
You hit the orc priest.
The orc priest is moderately wounded.
The orc hits you with a +0 dagger.
* * * LOW HITPOINT WARNING * * *
You block the orc priest's attack.
You closely miss the orc priest.
The orc priest is moderately wounded.
The orc hits you but does no damage.
The orc priest hits you with a +0 dagger.
You die...

#.##..#####...# #.#.# #.##..#
##..# #.#.#
#.##..######..######.#.#
#.##..÷................####
#.....#######.####.....<..####
###...# #.# #.#.####.....
#.).# #o# #...# #.#### #...#
#o# #...# #.# ## #...### #@#
#...####.###. #.....# #o#
#...##....... #..##.#
#.####...##.......
###..##.#####........##.......
#....##....†.........##.......
#.#.....###########.###.......
#.#####.# #..##.##.... #.#
###.### ##.##.##.### ####.#
#.....# #.##.##.#


You could see an orc priest, an orc wizard and an orc.

Vanquished Creatures
  Jessica (D:3)
  Terence (D:3)
  2 adders
  4 gnolls (D:3)
  2 dart slugs (D:3)
  5 orcs
  3 ball pythons
  5 endoplasms
  7 goblins
  3 hobgoblins
  7 jackals
  3 kobolds
  5 quokkas
  2 bats
  8 frilled lizards
  5 rats
63 creatures vanquished.

Notes
Turn   | Place    | Note
-------+----------+-------------------------------------------
     0 | D:1      | skoleks the Minotaur Fighter began the quest for the Orb.
     0 | D:1      | Reached XP level 1. HP: 19/19 MP: 0/0
   130 | D:1      | Reached XP level 2. HP: 16/27 MP: 1/1
   138 | D:1      | Gained mutation: You are partially covered in iridescent
                  | scales. (AC +2) [potion of mutation]
   138 | D:1      | Gained mutation: You are agile. (Dex +4, Str/Int -1)
                  | [potion of mutation]
   265 | D:1      | Found a faded altar of an unknown god.
   487 | D:1      | Lost mutation: You are partially covered in iridescent
                  | scales. (AC +2) [potion of mutation]
   487 | D:1      | Lost mutation: You are agile. (Dex +4, Str/Int -1) [potion
                  | of mutation]
   487 | D:1      | Gained mutation: You are robust. (+10% HP) [potion of
                  | mutation]
   487 | D:1      | Gained mutation: Your spells are a little harder to cast,
                  | but a little more powerful. [potion of mutation]
  1107 | D:2      | Reached XP level 3. HP: 36/36 MP: 2/2
  1937 | D:3      | Noticed Terence
  1955 | D:3      | Killed Terence
  1956 | D:3      | Reached XP level 4. HP: 25/44 MP: 3/3
  2141 | D:3      | Noticed Jessica
  2146 | D:3      | Killed Jessica
  2341 | D:3      | Reached XP level 5. HP: 45/50 MP: 4/4
  2758 | D:3      | Reached skill level 1 in Short Blades
  2958 | D:3      | HP: 2/50 [orc/+0 dagger (3)]
  2961 | D:3      | Slain by an orc priest

Illustrated notes

Levels and vault maps discovered:
D:1:      dpeg_arrival_round_c, layout_basic, basic_ecumenical_altar
D:2:      layout_loops_ring
D:3:      layout_loops_ring, uniq_jessica, uniq_terence
D:4:      layout_cave_pods, minmay_temple_entry_butterflies,
          gup_sewer_entry_pipe, serial_shops, shop, uniq_eustachio

Skill      XL: |  1  2  3  4  5 |
---------------+----------------+-----
Shields        | 4 |  4.6
Armour         | 4 |  4.7
Fighting       | 4 |  4.3
Polearms       | 3 4 |  4.1
Short Blades   | 1 |  1.2
Dodging        | |  0.6
Stealth        | |  0.4

Action                   |  1- 3 |  4- 6 || total
-------------------------+-------+-------++-------
Melee: Trident           |   108 |    13 ||   121
       Headbutt          |    10 |     5 ||    15
       Dagger            |       |    23 ||    23
       Short sword       |       |    23 ||    23
  Use: Potion            |     6 |     2 ||     8
       Scroll            |     5 |     2 ||     7
Armor: Scale mail        |    49 |    39 ||    88
Dodge: Dodged            |    48 |    47 ||    95
Block: Buckler           |    23 |    12 ||    35
